 Dungeon Crawl Stone Soup version 0.25-a0-645-gb4487340cb (webtiles) character file.

Game seed: 2264744962965756813, levelgen mode: deterministic

112 ReteAZ the Slasher (level 4, -4/35 HPs)
             Began as a Barachi Gladiator on Mar 21, 2020.
             Was an Initiate of Makhleb.
             Slain by an orc wizard
             ... wielding a +2 dagger of electrocution
              (18 damage)
             ... on level 3 of the Dungeon.
             The game lasted 00:02:24 (1672 turns).

ReteAZ the Slasher (Barachi Gladiator)              Turns: 1672, Time: 00:02:25

Health: -4/35      AC:  5    Str: 15    XL:     4   Next: 95%
Magic:  4/4        EV: 14    Int:  8    God:    Makhleb [......]
Gold:   88         SH:  0    Dex: 15    Spells: 3/3 levels left

rFire    . . .     SeeInvis .   a - +0 long sword
rCold    . . .     Gourm    .   (no shield)
rNeg     . . .     Faith    .   b - +0 leather armour
rPois    .         Spirit   .   c - +0 helmet
rElec    .         Reflect  .   (no cloak)
rCorr    .         Harm     .   n - +0 pair of gloves
MR       .....                  (no boots)
Stlth    +.........             (no amulet)
HPRegen  0.11/turn              (no ring)
MPRegen  0.09/turn              (no ring)

@: confused, slow
A: +LOS, swims, slowness 1, strong legs 1
a: Hop, Renounce Religion


You were on level 3 of the Dungeon.
You worshipped Makhleb.
Makhleb was noncommittal.
You were hungry.

You visited 1 branch of the dungeon, and saw 3 of its levels.

You collected 88 gold pieces.

Inventory:

Hand Weapons
 a - a +0 long sword (weapon)
Missiles
 d - 3 throwing nets
 i - 6 poisoned darts (quivered)
Armour
 b - a +0 leather armour (worn)
 c - a +0 helmet (worn)
 n - a +0 pair of gloves (worn)
Wands
 u - a wand of paralysis (2)
Scrolls
 e - 5 scrolls of identify {unknown}
 j - a scroll of noise {unknown}
 l - a scroll of magic mapping {unknown}
 m - a scroll of fog {unknown}
 p - a scroll of fear {unknown}
 q - a scroll of immolation {unknown}
 t - a scroll of teleportation {unknown}
Potions
 h - a potion of ambrosia {unknown}
 k - 3 potions of curing {unknown}
 o - a potion of mutation {unknown}
 r - a potion of stabbing {unknown}
 s - a potion of lignification {unknown}
Comestibles
 f - 3 rations
 g - 6 chunks of flesh


   Skills:
 + Level 3.4 Fighting
 * Level 5.0 Long Blades
 - Level 2.0 Throwing
 + Level 2.0 Armour
 + Level 3.9 Dodging


You had 3 spell levels left.
You didn't know any spells.
Your spell library was empty.

Dungeon Overview and Level Annotations

Branches:
Dungeon (3/15)

Altars:
Makhleb
Xom

Annotations:
D:3 1 runed translucent door, anet's ghost, amateur DEWz


Innate Abilities, Weirdness & Mutations

You can be seen from farther away. (+LOS)
You can swim through water.
You cover ground slowly.
You can hop short distances.


Message History

You kill the orc!
Makhleb accepts your kill.
Something hits the plant.
Something hits the plant but does no damage.
No target in view!
No target in view!
No target in view!
Items here: $ )) [ †† You miss something.
Something hits you.
You miss something.
You hear some strange, mumbled words.
Something tries to affect you, but you resist.
You closely miss something. Something hits you.
You are electrocuted!
You miss something. Something hits you but does no damage.
You hit something.
You hear some strange, mumbled words.
You are confused.
Something hits you.
You are electrocuted!!
Ouch! That really hurt!
You die...

........<#..♣ ♣..P♣ ...♣
.........#.P♣♣♣P..♣♣♣...♣
######+###.....P....PP..
##............
###..(..P....P
#.....♣♣♣..P♣♣ #.##...♣
♣P..♣ #
#....♣♣♣..P♣♣♣..P♣
###......@PJ.P...P
.............{.......
#.####.P...P.P..P....
#..P♣♣♣P..♣♣♣..P♣ .....♣
♣P..♣ P..♣ .......♣ ♣P..♣
.P♣ ........ P..... P.
....(.... .......
........ ....#...


You could see an ooze.

Vanquished Creatures
  Terence (D:2)
  2 adders (D:2)
  3 dart slugs
  2 worms (D:2)
  2 leopard geckos
  2 orcs (D:3)
  A ball python (D:1)
  8 bats
  4 giant cockroaches
  7 hobgoblins
  A quokka (D:2)
  2 frilled lizards
  6 goblins
  7 kobolds
  4 rats (D:1)
52 creatures vanquished.

Notes
Turn   | Place    | Note
-------+----------+-------------------------------------------
     0 | D:1      | ReteAZ the Barachi Gladiator began the quest for the Orb.
     0 | D:1      | Reached XP level 1. HP: 17/17 MP: 1/1
    45 | D:1      | Reached XP level 2. HP: 13/23 MP: 2/2
   259 | D:1      | Reached skill level 4 in Long Blades
   327 | D:1      | Reached skill level 1 in Armour
   510 | D:1      | Reached XP level 3. HP: 27/28 MP: 3/3
   858 | D:2      | Noticed Terence
   878 | D:2      | Killed Terence
   878 | D:2      | Reached XP level 4. HP: 32/35 MP: 4/4
  1415 | D:2      | Found a shimmering altar of Xom.
  1505 | D:2      | Found a burning altar of Makhleb.
  1514 | D:2      | Became a worshipper of Makhleb the Destroyer
  1597 | D:3      | Reached skill level 5 in Long Blades
  1604 | D:3      | Found a runed translucent door.
  1604 | D:3      | Noticed anet's ghost (amateur DEWz)
  1672 | D:3      | Slain by an orc wizard

Levels and vault maps discovered:
D:1:      lightli_molten_gateway, layout_loops_cross, minmay_pentomino_z2
D:2:      layout_basic, lemuel_coloured_pillars_altar, lemuel_doored_altar,
          uniq_terence
D:3:      layout_basic, marbit_many_paths, ebering_ghost_sewer_f,
          chequers_ecumenical_altar_twisty, kennysheep_boxes, uniq_ijyb,
          uniq_crazy_yiuf_cottage

Skill      XL: |  1  2  3  4 |
---------------+-------------+-----
Long Blades    | 4 5 |  5.0
Armour         | 1 2 |  2.0
Fighting       | 3 |  3.4
Throwing       | |  2.0
Dodging        | |  3.9

Action                   |  1- 3 |  4- 6 || total
-------------------------+-------+-------++-------
Melee: Long sword        |    63 |    99 ||   162
  Use: Potion            |     1 |       ||     1
  Eat: Chunk             |       |     3 ||     3
Armor: Leather armour    |    21 |    27 ||    48
Dodge: Dodged            |    63 |    78 ||   141
       Rpst.: Long sword |    23 |    23 ||    46

Table legend:
 A = Non-vault XP
 B = Vault XP
 C = Vault XP percentage of total XP
 D = Non-vault monster count
 E = Vault monster count
 F = Vault count percentage of total count
                 A         B        C        D         E       F
            +---------+---------+-------+---------+---------+-------
      Total |     122 |      39 |  24.2 |      49 |       3 |   5.8
            +---------+---------+-------+---------+---------+-------
        D:1 |      38 |       3 |   7.3 |      22 |       2 |   8.3
        D:2 |      64 |      36 |  36.0 |      18 |       1 |   5.3
        D:3 |      20 |       0 |   0.0 |       9 |       0 |   0.0
            +---------+---------+-------+---------+---------+-------
